 Dungeon Crawl Stone Soup version 0.15-a0-2198-g7f377d1 (webtiles) character file.

353 NoaPolaczek the Cudgeler (level 6, -7/39 HPs)
             Began as a Gargoyle Fighter on July 23, 2014.
             Mangled by an ogre
             ... wielding a +0 giant club
              (12 damage)
             ... on Level 5 of the Dungeon.
             The game lasted 00:12:27 (4003 turns).

NoaPolaczek the Cudgeler (Gargoyle Fighter)         Turns: 4003, Time: 00:12:27

HP  -7/39        AC 12     Str 22      XL: 6   Next: 62%
MP   6/6         EV  7     Int  8      God:
Gold 251         SH  9     Dex  9      Spells:  0 memorised,  5 levels left

rFire  . . .     SeeInvis .     a - +0 flail
rCold  . . .     Clarity  .     b - +0 scale mail
rNeg   + . .     rCorr    .     c - +0 shield
rPois  +         rRot     +     (no helmet)
rElec  +         Spirit   .     x - +0 cloak
SustAb .         Warding  .     (no gloves)
rMut   .         Rnd*Tele +     (no boots)
Gourm  .                        (no amulet)
MR     .....                    (no ring)
                                j - cursed ring of teleportation

@: not resistant to hostile enchantments, extremely unstealthy
A: negative energy resistance 1, electricity resistance, unbreathing,
petrification resistance, rot immunity, AC +4
a: Evoke Teleportation


You were on level 5 of the Dungeon.
You were not hungry.

You visited 1 branch of the dungeon, and saw 5 of its levels.

You collected 251 gold pieces.

Inventory:

Hand weapons
 a - a +0 flail (weapon)
Armour
 b - a +0 scale mail (worn)
 c - a +0 shield (worn)
 x - a +0 cloak (worn)
Magical devices
 q - a wand of magic darts (10)
Comestibles
 d - 4 bread rations
 t - a rotting chunk of goblin flesh
 v - 2 rotting chunks of hobgoblin flesh
 w - 3 rotting chunks of hobgoblin flesh
 A - a beef jerky
Scrolls
 f - a scroll of fear {unknown}
 g - a scroll of amnesia {unknown}
 h - 5 scrolls of remove curse {unknown}
 i - 3 scrolls of identify {unknown}
 k - 2 scrolls of immolation {unknown}
 l - 2 scrolls of enchant weapon {unknown}
 n - 2 scrolls of enchant armour {unknown}
 p - 2 scrolls of magic mapping {unknown}
 s - 2 scrolls of teleportation {unknown}
 y - a scroll of noise {unknown}
Jewellery
 j - a cursed ring of teleportation (left hand)
Potions
 e - a potion of might
 m - a potion of mutation {unknown}
 o - 2 potions of cure mutation {unknown}
 r - 2 potions of brilliance {unknown}
 u - 2 potions of degeneration {unknown}
 z - 2 potions of restore abilities {unknown}
 B - a potion of heal wounds {unknown}


   Skills:
 + Level 4.3 Fighting
 * Level 5.0 Maces & Flails
 - Level 3.2 Armour
 + Level 1.5 Dodging
 + Level 4.6 Shields


You had 5 spell levels left.
You didn't know any spells.

Dungeon Overview and Level Annotations

Branches:
Dungeon (5/15)
 Temple: D:4-7

Altars:
Yredelemnul

Shops:
D:4 }


Innate Abilities, Weirdness & Mutations

You are resistant to torment.
You are immune to poison.
Your stone body is very resilient (AC +4).
You resist negative energy.
You are resistant to electric shocks.
You can survive without breathing.
You are immune to petrification.
You are immune to rotting.


Message History

You block the ogre's attack.
You sock the ogre!
The ogre is almost dead.
The ogre hits you with a giant club!
You closely miss the ogre.
The ogre is almost dead.
You block the ogre's attack.
You barely miss the ogre.
The ogre is almost dead.
The ogre hits you with a giant club!
* * * LOW HITPOINT WARNING * * *
Your shield and scale mail prevent you from hitting the ogre.
The ogre is almost dead.
Autopickup is now off.
Use which ability? (? or * to list)
Okay, then.
You closely miss the ogre.
The ogre is almost dead.
The ogre hits you with a giant club!
You die...

#.....#..........# #.#
###.)...#########..########.#
#..........# #........##.#
#..........#######+######.##.#
.......................#
#.##.#
.......................#
#....#
.(....####.............#
###### ......# #.............#
.....# #.....O@......# ..#
#.............#
#.............#
#.............#
#.............# #########.###
.# .#


You could see an ogre.

Vanquished Creatures
  A scorpion (D:3)
  3 hounds
  2 worker ants (D:4)
  A hound skeleton (D:4)
  3 adders
  2 giant mites
  2 worms
  3 oozes
  2 giant geckos (D:3)
  8 orcs
  A ball python (D:4)
  17 hobgoblins
  6 kobolds
  2 quokkas
  12 bats
  7 giant cockroaches
  3 giant newts
  9 goblins
  An orc skeleton (D:4)
  12 rats
97 creatures vanquished.

Notes
Turn   | Place    | Note
--------------------------------------------------------------
     0 | D:1      | NoaPolaczek, the Gargoyle Fighter, began the quest for the Orb.
     0 | D:1      | Reached XP level 1. HP: 14/14 MP: 1/1
   225 | D:1      | Reached XP level 2. HP: 16/19 MP: 2/2
   447 | D:1      | Reached XP level 3. HP: 14/23 MP: 3/3
  1478 | D:2      | Reached skill level 4 in Shields
  1864 | D:2      | Reached XP level 4. HP: 18/28 MP: 4/4
  2479 | D:3      | Found a basalt altar of Yredelemnul.
  2572 | D:3      | Reached XP level 5. HP: 31/33 MP: 5/5
  2866 | D:3      | Reached skill level 1 in Dodging
  2955 | D:4      | Reached XP level 6. HP: 32/38 MP: 6/6
  3186 | D:4      | Found Qoisiol's Gadget Emporium.
  3754 | D:5      | Entered Level 5 of the Dungeon
  3820 | D:5      | Reached skill level 5 in Maces & Flails
  4003 | D:5      | Mangled by an ogre

Action                   |  1- 3 |  4- 6 || total
-------------------------+-------+-------++-------
Melee: Flail             |   200 |   209 ||   409
 Abil: Evoke Teleportati |       |     2 ||     2
Evoke: Wand              |     1 |       ||     1
  Eat: Chunk             |     2 |     9 ||    11
